Map: Chantier naval orbital

Players

PinkyPie - Winner!

  • Race: Zerg Zerg

AgCl

  • Race: Protoss Protoss

VOD

Have the link to the VOD?

Description

Time

  • Played on: May 10, 2015, 7:07 p.m.
  • Length: 8:10
Show
View Real Time Build Order
Export as new Build Order

PinkyPie Zerg - Winner!

Build Orders: Pool First 

Get SALT Encoding   

  12  0:01  Drone  
  13  0:14  Overlord  
  13  0:17  Drone  
  14  0:32  Drone x2  
  16  0:39  Drone  
  17  0:45  Spawning Pool  
  17  0:48  Drone  
  17  0:55  Extractor  
  16  1:00  Drone  
  17  1:13  Drone  
  18  1:20  Drone  
  19  1:35  Hatchery  
  19  1:36  Queen  
  19  1:39  Overlord  
  20  1:48  Zergling x2  
  21  1:54  Zergling x2  
  21  1:59  Metabolic Boost  
  22  2:06  Zergling x2  
  23  2:14  Queen  
  25  2:19  Overlord  
  25  2:29  Zergling x2  
  26  2:38  Zergling x2  
  27  2:45  Extractor  
  27  2:46  Overlord  
  27  2:47  Drone x4  
  30  2:58  Drone  
  31  3:04  Drone x2  
  33  3:07  Lair  
  33  3:09  Drone  
  34  3:23  Drone x3  
  37  3:41  Drone x4  
  37  3:42  Drone x4  
  45  3:48  Drone x2  
  47  4:04  Overlord  
  47  4:09  Spire  
  45  4:11  Extractor  
  45  4:12  Extractor  
  43  4:18  Zergling x2  
  43  4:19  Zergling x12  
  50  4:31  Zergling x2  
  50  4:32  Zergling x2  
  50  4:36  Drone x4  
  54  4:46  Drone x2  
  54  4:47  Drone x3  
  52  5:18  Drone  
  52  5:19  Drone x4  
  57  5:23  Mutalisk  
  57  5:25  Overlord  
  57  5:26  Overlord x2  
  58  5:43  Queen  
  58  5:46  Mutalisk  
  58  5:47  Mutalisk x8  
  78  5:58  Zergling x2  
  77  6:28  Hatchery, Mutalisk x4  
  84  6:39  Overlord x3  
  84  6:50  Hatchery  
  83  6:58  Mutalisk x3  
  89  7:02  Zergling x20  
  98  7:23  Mutalisk x2  
  102  7:32  Zergling x2  
  102  7:33  Zergling x10  
  104  7:53  Overseer x2  
Show
View Real Time Build Order
Export as new Build Order

AgCl Protoss 

Build Orders: Oracle Opening 

Get SALT Encoding   

  12  0:12  Pylon  
  12  0:31  Gateway  
  12  0:35  Probe (Chrono Boost)  
  13  0:37  Assimilator  
  13  0:45  Probe (Chrono Boost)  
  14  0:52  Probe  
  15  1:04  Probe (Chrono Boost)  
  16  1:14  Probe (Chrono Boost)  
  17  1:21  Probe  
  18  1:26  Cybernetics Core  
  18  1:33  Probe (Chrono Boost)  
  18  1:34  Pylon  
  19  1:41  Assimilator  
  19  1:45  Probe (Chrono Boost)  
  20  2:03  Pylon  
  20  2:06  Probe (Chrono Boost)  
  20  2:07  Warp Gate  
  20  2:08  Adept  
  23  2:18  Mothership Core (Chrono Boost)  
  25  2:32  Probe  
  28  2:44  Probe (Chrono Boost)  
  28  2:48  Stalker  
  29  2:56  Probe (Chrono Boost)  
  30  2:59  Nexus  
  30  3:06  Stargate  
  30  3:09  Probe (Chrono Boost)  
  31  3:21  Probe (Chrono Boost)  
  31  3:22  Adept  
  34  3:33  Probe (Chrono Boost)  
  35  3:37  Pylon  
  35  3:40  Probe (Chrono Boost)  
  36  3:50  Probe  
  40  3:56  Oracle (Chrono Boost)  
  40  4:02  Probe  
  41  4:04  Pylon  
  41  4:09  Twilight Council  
  41  4:11  Probe (Chrono Boost)  
  43  4:17  Probe (Chrono Boost)  
  43  4:23  Probe (Chrono Boost)  
  44  4:31  Probe (Chrono Boost)  
  46  4:32  Probe (Chrono Boost)  
  46  4:39  Probe (Chrono Boost)  
  46  4:40  Probe (Chrono Boost)  
  48  4:52  Probe (Chrono Boost)  
  46  4:57  Probe (Chrono Boost)  
  46  5:02  Probe (Chrono Boost)  
  46  5:03  Probe (Chrono Boost)  
  48  5:13  Probe  
  49  5:15  Probe (Chrono Boost)  
  50  5:25  Fleet Beacon  
  50  5:28  Probe (Chrono Boost)  
  52  5:30  Probe (Chrono Boost)  
  52  5:31  Pylon  
  52  5:43  Protoss Air Weapons Level 1 (Chrono Boost)  
  52  5:44  Probe (Chrono Boost)  
  52  5:45  Nexus  
  52  5:46  Probe (Chrono Boost), Void Ray (Chrono Boost)  
  52  5:47  Assimilator  
  58  5:52  Assimilator  
  58  5:53  Dark Shrine  
  58  5:54  Pylon, Assimilator  
  58  5:55  Gateway  
  58  5:56  Probe (Chrono Boost)  
  60  5:57  Pylon  
  60  5:58  Gateway  
  60  6:00  Assimilator  
  60  6:01  Probe (Chrono Boost)  
  60  6:09  Probe  
  59  6:16  Gateway  
  59  6:19  Gateway  
  59  6:30  Gateway  
  59  6:34  Probe (Chrono Boost)  
  59  6:39  Probe (Chrono Boost)  
  61  6:44  Probe (Chrono Boost)  
  63  6:47  Probe (Chrono Boost)  
  63  6:51  Probe  
  63  6:53  Phoenix (Chrono Boost)  
  57  6:57  Anion Pulse-Crystals (Chrono Boost)  
  57  7:01  Stalker x3  
  61  7:04  Probe  
  61  7:07  Probe  
  65  7:11  Phoenix  
  66  7:16  Probe  
  67  7:24  Probe  
  67  7:29  Mothership Core  
  70  7:30  Dark Templar  
  70  7:36  Phoenix (Chrono Boost)  
  70  7:37  Zealot x2  
  66  8:07  Forge  
Tags
 
Add a new tag
Caveats
  • Supply blocks, unpowered buildings, or Contaminate may cause inaccurate times.
  • Supply counts are checked every 10 seconds.